 Dungeon Crawl Stone Soup version 0.28-b1-25-g9875b3fc8c (webtiles) character file.

Game seed: 6525933175052174795

69815 comborobin the Brawler (level 14, -12/149 (150) HPs)
             Began as a Troll Cinder Acolyte on Feb 1, 2022.
             Was an Elder of Cheibriados.
             Mangled by a sun demon (17 damage)
             ... summoned by an orc high priest
             ... on level 2 of the Orcish Mines on Feb 2, 2022.
             The game lasted 00:47:11 (17029 turns).

comborobin the Brawler (Troll Cinder Acolyte)      Turns: 17029, Time: 00:47:11

HP:   -12/149 (150) AC: 14    Str: 34    XL:     14   Next: 91%
MP:   20/20         EV: 20    Int: 25    God:    Cheibriados [****..]
Gold: 1475          SH:  0    Dex: 21    Spells: 4/23 levels left

rFire   . . .      SeeInvis +     - Unarmed
rCold   + . .      Faith    .   (no shield)
rNeg    . . .      Spirit   .   g - +5 troll leather armour of Action {Regen+ Dex+3}
rPois   .          Reflect  .   m - +1 hat of Dusid {rC+ Int+6 SInv Stlth-}
rElec   .          Harm     .   s - scarf {repulsion}
rCorr   .          Rampage  .   (gloves unavailable)
Will    +....                   (boots unavailable)
Stlth   +.........              D - amulet of regeneration
HPRegen 2.74/turn               j - ring of wizardry
MPRegen 0.17/turn               k - ring of the Hare {EV+8}

@: lightly drained, repel missiles, fire susceptible, very slow
A: large, unfitting armour, claws 3, regeneration 1, shaggy fur 1, tough skin 1,
horns 1, iridescent scales 1, sense surroundings 1, robust 1
a: Renounce Religion, Bend Time, Temporal Distortion, Slouch


You were on level 2 of the Orcish Mines.
You worshipped Cheibriados.
Cheibriados was greatly pleased with you.
You visited 3 branches of the dungeon, and saw 18 of its levels.
You visited the Abyss 1 time.
You also visited: Bailey.

You collected 1667 gold pieces.
You spent 192 gold pieces at shops.

Inventory:

Hand Weapons
 a - a -1 falchion of flaming
Missiles
 q - 35 large rocks
 w - 2 curare-tipped darts (quivered)
 M - 2 throwing nets
Armour
 g - the +5 troll leather armour of Action (worn) {Regen+ Dex+3}
   (You acquired it on level 2 of the Dungeon)

   Dex:       It affects your dexterity (+3).
   Regen:     It increases your rate of health regeneration.
 m - the +1 hat of Dusid (worn) {rC+ Int+6 SInv Stlth-}
   (You acquired it in a bailey)

   Int:       It affects your intelligence (+6).
   rC:        It protects you from cold.
   SInv:      It lets you see invisible.
   Stlth:     It makes you less stealthy.
 s - a scarf of repulsion (worn)
Jewellery
 d - a +6 ring of dexterity
 j - a ring of wizardry (left claw)
 k - the ring of the Hare (right claw) {EV+8}
   (You found it on level 5 of the Dungeon)

   [ring of evasion]

   EV:        It affects your evasion (+8).
 y - a +6 ring of dexterity
 D - an amulet of regeneration (around neck)
 N - a +4 ring of evasion
 Q - a ring of ice
 R - a ring of willpower
Wands
 b - a wand of paralysis (4)
 p - a wand of acid (1)
 z - a wand of mindburst (25)
 A - a wand of iceblast (8)
 B - a wand of digging (4)
 F - a wand of polymorph (25)
 I - a wand of charming (2)
 J - a wand of flame (4)
Scrolls
 f - a scroll of torment
 i - 6 scrolls of identify
 l - 5 scrolls of enchant armour
 v - 4 scrolls of summoning
 H - 2 scrolls of silence
Potions
 c - a potion of magic
 e - 2 potions of attraction {unknown}
 h - a potion of curing
 n - 3 potions of cancellation {unknown}
 o - 5 potions of mutation
 r - a potion of heal wounds {unknown}
 t - 2 potions of resistance
 u - a potion of brilliance
 x - 2 potions of lignification
 E - 2 potions of might
 K - a potion of berserk rage {unknown}
 P - a potion of flight {unknown}
Miscellaneous
 C - a condenser vane


   Skills:
 + Level 8.8 Fighting
 - Level 2.4 Long Blades
 - Level 3.0 Armour
 - Level 5.0 Dodging
 + Level 16.5 Unarmed Combat
 - Level 5.0 Spellcasting
 * Level 6.6 Transmutations
 - Level 2.1 Fire Magic
 - Level 12.0 Earth Magic


You had 4 spell levels left.
You knew the following spells:

 Your Spells              Type           Power      Damage    Failure   Level
o - Ozocubu's Armour      Ice            6%         N/A       11%         3
r - Frozen Ramparts       Ice            12%        1d3       11%         3
D - Dragon Form           Tmut           19%        N/A       87%         7
T - Statue Form           Tmut/Erth      34%        N/A       12%         6

Your spell library contained the following spells:

 Spells                   Type           Power      Damage    Failure   Level
 Petrify                  Tmut/Erth      52%        N/A       1%          4
 Scorch                   Fire           34%        2d6       2%          2
 Freeze                   Ice            24%        1d5       3%          1
 Shock                    Conj/Air       24%        1d4       3%          1
 Summon Small Mammal      Summ           24%        N/A       3%          1
 Call Canine Familiar     Summ           6%         N/A       11%         3
 Gell's Gravitas          Tloc           6%         N/A       11%         3
 Lesser Beckoning         Tloc           6%         N/A       11%         3
 Mephitic Cloud           Conj/Pois/Air  6%         N/A       11%         3
 Summon Guardian Golem    Hex/Summ       6%         N/A       11%         3
 Teleport Other           Tloc           6%         N/A       11%         3
 Hailstorm                Conj/Ice       6%         3d4       32%         4
 Summon Ice Beast         Ice/Summ       6%         N/A       32%         4
 Blade Hands              Tmut           19%        N/A       7%          5
 Irradiate                Conj/Tmut      11%        3d17      26%         5
 Fireball                 Conj/Fire      5%         3d5       52%         5
 Freezing Cloud           Conj/Ice/Air   3%         6-21      65%         5
 Iskenderun's Battlesphe  Conj           6%         2d6       65%         5
 Metabolic Englaciation   Hex/Ice        3%         N/A       65%         5
 Summon Mana Viper        Hex/Summ       6%         N/A       65%         5
 Conjure Ball Lightning   Conj/Air       3%         3x3d6     99%         6
 Simulacrum               Ice/Necr       3%         N/A       99%         6
 Monstrous Menagerie      Summ           3%         N/A       100%        7
 Orb of Destruction       Conj           3%         9d5       100%        7
 Ozocubu's Refrigeration  Ice            3%         4d5       100%        7
 Borgnjor's Revivificati  Necr           3%         N/A       100%        8
 Necromutation            Tmut/Necr      11%        N/A       100%        8
 Death's Door             Necr           3%         N/A       100%        9
 Polar Vortex             Ice            3%         N/A       100%        9


Dungeon Overview and Level Annotations

Branches:
Dungeon (15/15)            Temple (0/1) D:4            Lair (0/6) D:9
    Orc (2/2) D:12            Elf (0/3) Orc:2        Vaults (0/5) D:14
 Depths (1/4) D:15         Bailey (visited)

Altars:
Ashenzari
Cheibriados
Fedhas
Hepliaklqana
Kikubaaqudgha
Makhleb
Nemelex Xobeh
Okawaru
Qazlal
Sif Muna
Trog
Xom
Yredelemnul
The Shining One

Shops:
D:6 *   Orc:2 **=*[   Depths:1 [([

Portals:
Hell: Depths:1
Pandemonium: Orc:2


Innate Abilities, Weirdness & Mutations

You are too large for most types of armour.
You have claws for hands.
Your natural rate of healing is unusually fast.
You are covered in fur. (AC +1)
You have tough skin. (AC +1)
You have a pair of small horns on your head.
You are partially covered in iridescent scales. (AC +2)
You passively map a small area around you.
You are robust. (+10% HP)


Message History

The +5 troll leather armour of Action {Regen+ Dex+3} unmelds from your body.
The orc warrior no longer looks unusually strong.
The sun demon hits your ogre!!
Your ogre is engulfed in flames!
Your ogre dies!
Your ogre's corpse dissolves into shadows!
The soul eater hits you but does no damage.
The sun demon hits you but does no damage.
The orc high priest hits you from afar with a +0 trident!
* * * LOW HITPOINT WARNING * * *
The soul eater hits you.
* * * LOW HITPOINT WARNING * * *
You feel drained.
* * * LOW HITPOINT WARNING * * *
Your two-headed ogre hits the soul eater with a +0 giant club!
Your two-headed ogre hits the soul eater but does no damage.
The sun demon hits you!
* * * LOW HITPOINT WARNING * * *
You are engulfed in flames!
* * * LOW HITPOINT WARNING * * *
The orc high priest hits you but does no damage.
Things that are here:
a +0 war axe; a silver boomerang; a +0 chain mail Unknown command.
Unknown command.
Okay, then.
You feel better.
The orc high priest no longer looks unusually strong.
The soul eater completely misses you.
The sun demon hits you but does no damage.
Your two-headed ogre hits the soul eater with a +0 giant club!
Your two-headed ogre hits the soul eater but does no damage.
The orc high priest hits you but does no damage.
Okay, then.
Okay, then.
As you read the scroll of summoning, it crumbles to dust.
Wisps of shadow whirl around you... The soul eater completely misses you.
The sun demon hits you!
* * * LOW HITPOINT WARNING * * *
You are engulfed in flames!
You die...

#...................###.......).)
##..#......))......#####......)#.
####.............###.###......))
##.............###∩.∩###......)
##.#...#.......###.....###......
#......#......###..#.#..###.....
##.#.........###.........###....
####..#..#.###Oo.#.#.#)))###...
######.###3@Oh......)))###..
##...###o3#.#.)o..#)#))###.
#...###43##.o..#....##))###
##.###4o###...###...###..##
#####o4###.o)##.##...###..#
##.##o4###...##...##...###..
#....4###..)##.....##...###.
##..o###...##..#.#..##...###
#..§###.#.##..#∩.∩#..##.#.##


You could see an orc knight, a soul eater (summoned, ally target), an orc high
priest, 2 sun demons, 2 hellwings, 2 rust devils, a chaos spawn (summoned), an
orc sorcerer (strong), 2 orc warriors, a friendly two-headed ogre (summoned), a
friendly warg (summoned), a friendly orc sorcerer (summoned), a friendly ogre
(summoned), a friendly orc priest (summoned) and 2 friendly orcs.

Vanquished Creatures
  A tentacled starspawn (Abyss:2)
  A frost giant (D:11)
  The ghost of Violens the Severer, a journeyman MiBe of Trog (D:15)
  2 caustic shrike zombies (D:15)
  A stone giant (Depths:1)
  An ettin (Orc:2)
  Josephine (D:14)
  2 great orbs of eyes (Depths:1)
  A rakshasa (Depths:1)
  3 hydras
  An ice dragon (Depths:1)
  4 boulder beetles
  A demonspawn (Orc:2)
  3 centaur warriors
  8 two-headed ogres
  6 orc high priests (Orc:2)
  A sun demon (Orc:2)
  Urug (D:11)
  15 skeletal warriors
  A titan skeleton (D:15)
  A fire crab (shapeshifter) (D:13)
  A flayed ghost (D:15)
  4 necromancers
  3 wizards
  5 cyclopes
  7 deep elf pyromancers
  3 deep elf zephyrmancers (Orc:2)
  An iron dragon zombie (Depths:1)
  6 orc knights
  3 orc sorcerers (Orc:2)
  An ugly thing (D:13)
  A manticore (D:13)
  Joseph (D:8)
  A black mamba (shapeshifter) (D:14)
  A rime drake (D:11)
  An efreet (D:13)
  2 kobold demonologists
  A freezing wraith (D:15)
  4 tengu conjurers
  3 meliai (D:14)
  4 trolls
  2 polar bears (D:11)
  11 slime creatures
  A spriggan skeleton (Depths:1)
  A wyvern (D:9)
  6 wraiths
  2 fire elementals (Orc:2)
  3 shadows
  2 vampires (D:10)
  10 yaks
  A basilisk (D:12)
  2 humans (D:7)
  6 vampire mosquitoes
  3 steam dragons
  Edmund (D:4)
  2 wargs
  An acid dragon (D:8)
  Duvessa (D:4)
  5 water moccasins
  2 black bears
  23 orc warriors
  4 ice beasts
  2 sky beasts
  A spriggan simulacrum (Depths:1)
  30 centaurs
  2 ogres
  A phantom (D:5)
  5 kobold brigands
  A wyvern zombie (D:7)
  4 bullfrogs
  2 scorpions (D:5)
  A gnoll sergeant (D:9)
  Dowan (D:4)
  12 killer bees (D:10)
  8 wights
  2 jellies
  2 centaur zombies
  2 hounds
  2 gnoll shamans
  28 orc priests
  3 bullfrog skeletons
  4 iguanas
  13 orc wizards
  A killer bee zombie (D:8)
  13 gnolls
  A howler monkey skeleton (D:6)
  6 adders
  A white imp (D:6)
  An adder zombie (D:5)
  2 worms
  2 dart slugs
  83 orcs
  3 endoplasms
  2 giant cockroaches
  13 goblins
  11 hobgoblins
  25 kobolds
  5 quokkas
  A ball python (D:4)
  A bat (D:2)
  3 frilled lizards
  4 rats
  A starspawn tentacle (Abyss:2)
503 creatures vanquished.

Vanquished Creatures (collateral kills)
  A guardian mummy (D:15)
  An ettin zombie (D:15)
2 creatures vanquished.

Vanquished Creatures (others)
  6 fungi (D:9)
  5 plants (D:9)
  7 starspawn tentacles (Abyss:2)
  10 withered plants (D:15)
28 creatures vanquished.

Grand Total: 533 creatures vanquished

Notes
Turn   | Place    | Note
-------+----------+-------------------------------------------
     0 | D:1      | comborobin the Troll Cinder Acolyte began the quest for the
                  | Orb.
     0 | D:1      | Reached XP level 1. HP: 22/22 MP: 1/1
    36 | D:1      | Reached skill level 1 in Unarmed Combat
    40 | D:1      | Found a faded altar of an unknown god.
   110 | D:1      | Reached XP level 2. HP: 29/29 MP: 2/2
   222 | D:2      | Reached skill level 2 in Unarmed Combat
   317 | D:2      | Reached XP level 3. HP: 26/36 MP: 3/3
   360 | D:2      | Identified a scroll of acquirement
   360 | D:2      | Acquired the +5 troll leather armour of Action {Regen+
                  | Dex+3}
   566 | D:3      | Reached skill level 3 in Unarmed Combat
   593 | D:4      | Noticed Dowan
   599 | D:4      | Noticed Duvessa
   626 | D:3      | Reached XP level 4. HP: 44/44 MP: 4/4
   757 | D:4      | Killed Duvessa
   758 | D:4      | Reached skill level 1 in Armour
   758 | D:4      | Reached skill level 1 in Dodging
   758 | D:4      | Reached XP level 5. HP: 52/52 MP: 5/5
   759 | D:4      | Reached skill level 4 in Unarmed Combat
   776 | D:4      | Killed Dowan
   777 | D:4      | Reached XP level 6. HP: 61/61 MP: 6/6
   847 | D:4      | Found a staircase to the Ecumenical Temple.
   878 | D:5      | Entered Level 5 of the Dungeon
   909 | D:5      | Found a broken altar of Ashenzari.
   923 | D:5      | Found the ring of the Hare {EV+8}
   924 | D:5      | Found a shimmering blue altar of Sif Muna.
  1017 | D:5      | Got the Handbook of Floating Moulding
  1022 | D:5      | Reached skill level 5 in Unarmed Combat
  1049 | D:5      | Reached XP level 7. HP: 67/67 MP: 7/7
  1216 | D:5      | Found a blossoming altar of Fedhas.
  1220 | D:5      | Found a burning altar of Makhleb.
  1225 | D:5      | Found a glowing golden altar of the Shining One.
  1632 | D:6      | Found a stormy altar of Qazlal.
  1752 | D:6      | Reached skill level 6 in Unarmed Combat
  1866 | D:6      | Reached XP level 8. HP: 63/78 MP: 8/8
  1947 | D:6      | Reached skill level 7 in Unarmed Combat
  2132 | D:6      | Found Zesubb's Assorted Antiques.
  2232 | D:6      | Noticed a cyclops
  2353 | D:6      | Killed a cyclops
  2354 | D:6      | Reached skill level 5 in Fighting
  2354 | D:6      | Reached skill level 8 in Unarmed Combat
  2423 | D:6      | Reached XP level 9. HP: 87/88 MP: 9/9
  2458 | D:6      | Reached skill level 9 in Unarmed Combat
  2667 | D:7      | Found a snail-covered altar of Cheibriados.
  2667 | D:7      | Found a hazy altar of Hepliaklqana.
  2705 | D:7      | Found a flagged portal.
  2741 | D:7      | Found an iron altar of Okawaru.
  2792 | Bailey   | Entered a bailey
  2879 | Bailey   | Reached skill level 10 in Unarmed Combat
  2965 | Bailey   | Noticed an orc knight
  2990 | Bailey   | Killed an orc knight
  3000 | Bailey   | Noticed an orc knight
  3002 | Bailey   | Noticed an orc knight
  3019 | Bailey   | HP: 3/88 [orc knight (39)]
  3060 | Bailey   | Noticed an orc knight
  3069 | Bailey   | Killed an orc knight
  3070 | Bailey   | Reached skill level 11 in Unarmed Combat
  3321 | D:7      | Reached XP level 10. HP: 89/96 MP: 10/10
  3470 | D:7      | Reached skill level 12 in Unarmed Combat
  3787 | D:8      | Acquired the +1 hat of Dusid {rC+ Int+6 SInv Stlth-}
  4044 | D:8      | Noticed Joseph
  4049 | D:8      | Killed Joseph
  4071 | D:8      | Noticed a centaur warrior
  4080 | D:8      | Killed a centaur warrior
  4234 | D:9      | Found a staircase to the Lair.
  4291 | D:9      | Reached XP level 11. HP: 84/104 MP: 17/17
  4421 | D:9      | Reached skill level 13 in Unarmed Combat
  4488 | D:9      | Found a shimmering altar of Xom.
  4496 | D:9      | Noticed a two-headed ogre
  4500 | D:9      | Killed a two-headed ogre
  4550 | D:9      | Found an ancient bone altar of Kikubaaqudgha.
  4726 | D:10     | Entered Level 10 of the Dungeon
  4987 | D:10     | Noticed a two-headed ogre
  4992 | D:10     | Killed a two-headed ogre
  5019 | D:11     | Noticed a four-headed hydra
  5027 | D:11     | Killed a two-headed hydra
  5028 | D:11     | Reached skill level 14 in Unarmed Combat
  5039 | D:11     | Noticed a frost giant
  5054 | D:11     | Killed a frost giant
  5086 | D:11     | Learned a level 6 spell: Statue Form
  5094 | D:11     | Learned a level 7 spell: Dragon Form
  5098 | D:11     | Learned a level 3 spell: Ozocubu's Armour
  5102 | D:11     | Learned a level 3 spell: Frozen Ramparts
  5546 | D:11     | Reached XP level 12. HP: 114/119 MP: 18/18
  5562 | D:11     | Noticed a two-headed ogre
  5576 | D:11     | Killed a two-headed ogre
  5577 | D:11     | Reached skill level 15 in Unarmed Combat
  5578 | D:11     | Noticed Urug
  5589 | D:11     | Killed Urug
  5869 | D:12     | Reached skill level 1 in Earth Magic
  6069 | D:12     | Found a staircase to the Orcish Mines.
  6171 | D:12     | Noticed a two-headed ogre
  6178 | D:12     | Killed a two-headed ogre
  6262 | D:12     | Noticed a seven-headed hydra
  6302 | D:12     | Killed a one-headed hydra
  6376 | D:12     | Found a bloodstained altar of Trog.
  6483 | D:12     | Reached skill level 5 in Earth Magic
  6787 | D:13     | Noticed a centaur warrior
  6799 | D:13     | Killed a centaur warrior
  6859 | D:13     | oich
  6911 | D:13     | Noticed a boulder beetle
  6931 | D:13     | Killed a boulder beetle
  7118 | D:13     | Noticed a two-headed ogre
  7127 | D:13     | Killed a two-headed ogre
  7178 | D:12     | Reached skill level 16 in Unarmed Combat
  7187 | D:12     | Reached XP level 13. HP: 93/127 MP: 19/19
  7304 | D:13     | You fall into a shaft and drop 1 floor!
  7304 | D:14     | Found a gate to the Vaults.
  7970 | D:14     | Noticed Josephine
  8017 | D:14     | Killed Josephine
  8177 | D:14     | Reached skill level 10 in Earth Magic
  8940 | D:15     | Entered Level 15 of the Dungeon
  9242 | D:15     | Reached skill level 1 in Transmutations
  9675 | D:15     | Reached skill level 5 in Spellcasting
 10130 | D:15     | Reached XP level 14. HP: 136/136 MP: 20/20
 10539 | D:15     | Found a staircase to the Depths.
 10713 | Depths:1 | Entered Level 1 of the Depths
 10713 | Depths:1 | Noticed Violens's ghost (journeyman MiBe)
 10713 | Depths:1 | Found a runed translucent gate.
 10713 | Depths:1 | Found a runed translucent gate.
 10713 | Depths:1 | Found a runed translucent gate.
 11401 | D:15     | Killed Violens's ghost
 11442 | Depths:1 | Identified the ring "Josub" {Ice Fly}
 11828 | Depths:1 | Identified the +7 arbalest of the Morning {flame, rElec rF-
                  | SInv}
 11910 | Depths:1 | Found a gateway to Hell.
 12026 | Depths:1 | Noticed a stone giant
 12047 | Depths:1 | Killed a stone giant
 12130 | Depths:1 | Found Donungeu's Armour Shoppe.
 12130 | Depths:1 | Found Folawn's Weapon Emporium.
 12271 | Depths:1 | Cast into level 2 of the Abyss (a wizard)
 12294 | Abyss:2  | Noticed a tentacled starspawn
 12331 | Abyss:2  | Killed a tentacled starspawn
 12345 | Abyss:2  | Found a corrupted altar of Lugonu.
 12352 | Depths:1 | Escaped the Abyss
 12358 | Depths:1 | Reached skill level 5 in Transmutations
 12576 | Depths:1 | Found Ves Hann's Antique Armour Boutique.
 12601 | Depths:1 | Paralysed by a great orb of eyes for 7 turns
 13198 | D:7      | Fell from the grace of Ignis
 13198 | D:7      | Became a worshipper of Cheibriados the Contemplative
 13758 | D:3      | Found a basalt altar of Yredelemnul.
 14218 | D:4      | Noticed Edmund
 14227 | D:4      | Killed Edmund
 14683 | D:4      | Reached * piety under Cheibriados
 15210 | D:8      | Found a sparkling altar of Nemelex Xobeh.
 15816 | Orc:1    | Entered Level 1 of the Orcish Mines
 16155 | Orc:2    | Entered Level 2 of the Orcish Mines
 16165 | Orc:2    | Reached ** piety under Cheibriados
 16190 | Orc:2    | Found a staircase to the Elven Halls.
 16570 | Orc:2    | Found Gamavutic's General Store.
 16581 | Orc:2    | Reached *** piety under Cheibriados
 16584 | Orc:2    | Found Fichapy's General Store.
 16688 | Orc:2    | Found Jomm's Assorted Antiques.
 16718 | Orc:2    | Found Resem's Jewellery Shoppe.
 16718 | Orc:2    | Found a one-way gate leading to the halls of Pandemonium.
 16721 | Orc:2    | Found Sapseoff's Antique Armour Emporium.
 16766 | Orc:2    | Bought an embroidered scarf for 192 gold pieces
 16781 | Orc:2    | Gained mutation: You are clumsy. (Dex -2) [a neqoxec]
 16782 | Orc:2    | Reached **** piety under Cheibriados
 16783 | Orc:2    | Lost mutation: You are clumsy. (Dex -2) [potion of
                  | mutation]
 16783 | Orc:2    | Gained mutation: You are clumsy. (Dex -2) [potion of
                  | mutation]
 16783 | Orc:2    | Gained mutation: Your mind is acute. (Int +2) [potion of
                  | mutation]
 16784 | Orc:2    | Lost mutation: Your mind is acute. (Int +2) [potion of
                  | mutation]
 16784 | Orc:2    | Lost mutation: You are clumsy. (Dex -2) [potion of
                  | mutation]
 16784 | Orc:2    | Gained mutation: You are robust. (+10% HP) [potion of
                  | mutation]
 16784 | Orc:2    | Gained mutation: You are partially covered in iridescent
                  | scales. (AC +2) [potion of mutation]
 16784 | Orc:2    | Gained mutation: You passively map a small area around you.
                  | [potion of mutation]
 16784 | Orc:2    | Gained mutation: You have a pair of small horns on your
                  | head. [potion of mutation]
 17025 | Orc:2    | Reached skill level 5 in Dodging
 17029 | Orc:2    | HP: 5/149 [sun demon[an orc high priest] (17)]
 17029 | Orc:2    | Mangled by a sun demon

Illustrated notes

### #... #######+####
#####.## #..........#
#....... #..........#
#....... #..........#
###.......
#.....@....###.........
#....../...'...#.......
#..........#####.......
#..........# #.......
#..........# #.......
############ #.......
########


Turn 6859 on D:13: oich

Levels and vault maps discovered:
D:1:      ncdulo_halloftheorcs, layout_loops_ring,
          shapermc_ecumenical_altar_venn, st_stairs_7
D:2:      layout_rooms, minmay_misc_feat_rows, minmay_misc_feat_encased
D:3:      layout_loops_corners, mainiacjoe_overflow_paths, st_stairs_10
D:4:      layout_basic, minmay_temple_entry_large_hall,
          minmay_misc_feat_ornament, minmay_goblin_kobold_house, uniq_duvessa,
          uniq_edmund
D:5:      layout_basic, mainiacjoe_overflow_cross_hatched,
          mainiacjoe_overflow_alcove_2, grunt_temple_overflow_diamond,
          st_stairs_6
D:6:      layout_basic, nicolae_qazlal_eye_of_the_storm, minmay_misc_feat_tower,
          nicolae_stop_n_shop_2
D:7:      layout_gridville, okawaru_humans, grunt_temple_overflow_open,
          enter_bailey_5
D:8:      layout_basic, nemelex_diamond_rough_becter, uniq_joseph
D:9:      layout_roguey, kennysheep_little_box, kiku_gazebo_pond_becter,
          dpeg_oklobed_lair
D:10:     layout_basic, item_on_display_a
D:11:     minmay_coctagon, layout_irregular_city, uniq_urug
D:12:     layout_basic, erik_orc_4, trog_hazing_becter
D:13:     layout_roguey
D:14:     layout_layer_cave, david_vaults_1, chequers_avenue,
          kennysheep_generic_room_5, uniq_josephine
D:15:     gammafunk_depths_entry_grave, layout_basic,
          hangedman_abyss_or_decor_stabs, minmay_misc_feat_diagonals
Orc:1:    layout_caves, serial_shops, library_closet
Orc:2:    pf_orc_diabolical, layout_caves, serial_shops, shop,
          elves_outpost_lemuel
Depths:1: layout_basic, hell_entry, serial_shops, shop_statue,
          serial_sigils_hangedman_leer, ebering_ghost_rock_garden,
          lemuel_old_faithful, minmay_shoptagon

Skill      XL: |  1  2  3  4  5  6  7  8  9 10 11 12 13 14 |
---------------+-------------------------------------------+-----
Unarmed Combat | 1 2 3 4 5 6 8 11 12 14 16 | 16.5
Armour         | 1 2 3 |  3.0
Dodging        | 1 2 3 5 |  5.0
Fighting       | 3 4 5 7 8 |  8.8
Spellcasting   | 4 5 |  5.0
Earth Magic    | 7 11 12 | 12.0
Transmutations | 3 6 |  6.6
Long Blades    | |  2.4
Fire Magic     | |  2.1

Action                   |  1- 3 |  4- 6 |  7- 9 | 10-12 | 13-15 || total
-------------------------+-------+-------+-------+-------+-------++-------
Melee: Unarmed           |   116 |    67 |   272 |   530 |   625 ||  1610
       Punch             |     1 |     2 |    11 |    48 |    69 ||   131
       Falchion          |       |       |       |    16 |     5 ||    21
       Headbutt          |       |       |       |       |     5 ||     5
Throw: Dart              |       |       |       |     5 |     5 ||    10
       Large rock        |       |       |       |       |     3 ||     3
 Cast: Statue Form       |       |       |       |       |    16 ||    16
       Frozen Ramparts   |       |       |       |       |     1 ||     1
Invok: Fiery Armour      |       |     1 |     2 |     3 |     2 ||     8
       Rising Flame      |       |       |       |       |     1 ||     1
Evoke: Wand              |       |       |       |     3 |    11 ||    14
       Condenser vane    |       |       |       |       |     2 ||     2
  Use: Scroll            |     1 |     4 |     9 |     6 |    21 ||    41
       Potion            |       |     1 |     1 |       |    13 ||    15
Armor: Robe              |    22 |       |       |       |       ||    22
       Troll leather arm |    33 |    29 |    91 |   178 |   113 ||   444
       Skin              |       |    12 |       |       |   104 ||   116
Dodge: Dodged            |    50 |    40 |   254 |   638 |   491 ||  1473
